 Dungeon Crawl Stone Soup version 0.28.0-45-g0d030f2227 (webtiles) character file.

Game seed: 3010391338831431557

477 brightshaft the Ruffian (level 6, -5/59 HPs)
             Began as a Troll Fighter on Apr 18, 2022.
             Slain by a gnoll
             ... wielding a +2 whip of venom
              (6 damage)
             ... on level 3 of the Dungeon.
             The game lasted 00:04:29 (1921 turns).

brightshaft the Ruffian (Troll Fighter)             Turns: 1921, Time: 00:04:30

Health: -5/59      AC:  4    Str: 27    XL:     6   Next: 85%
Magic:  5/5        EV:  8    Int:  4    God:
Gold:   193        SH:  7    Dex:  9    Spells: 5/5 levels left

rFire   . . .      SeeInvis .     - Unarmed
rCold   . . .      Faith    .   b - +0 kite shield
rNeg    . . .      Spirit   .   a - +0 robe
rPois   .          Reflect  .   (helmet restricted)
rElec   .          Harm     .   (no cloak)
rCorr   .          Rampage  .   (gloves unavailable)
Will    .....                   (boots unavailable)
Stlth   +.........              (no amulet)
HPRegen 0.99/turn               (no ring)
MPRegen 0.09/turn               (no ring)

@: lethally poisoned (-5 -> -7), lit by a corona, glowing
A: large, unfitting armour, claws 3, regeneration 1, shaggy fur 1, tough skin 1
a: no special abilities


You were on level 3 of the Dungeon.
You visited 1 branch of the dungeon, and saw 3 of its levels.

You collected 193 gold pieces.

Inventory:

Missiles
 h - 9 javelins (quivered)
 p - 5 poisoned darts
Armour
 a - a +0 robe (worn)
 b - a +0 kite shield (worn)
Jewellery
 q - a ring of fire
Wands
 g - a wand of iceblast (6)
 k - a wand of flame (26) {@v2}
Scrolls
 m - a scroll of blinking {unknown}
 o - a scroll of teleportation {unknown}
Potions
 c - a potion of might
 d - a potion of brilliance {unknown}
 e - 2 potions of degeneration {unknown}
 f - a potion of heal wounds {unknown}
 i - a potion of resistance {unknown}
 j - a potion of ambrosia {unknown}
 l - a potion of curing {unknown}
 n - 3 potions of mutation {unknown}


   Skills:
 - Level 2.4 Fighting
 - Level 2.4 Dodging
 - Level 2.4 Shields
 + Level 7.5 Unarmed Combat


You had 5 spell levels left.
You didn't know any spells.
Your spell library was empty.

Dungeon Overview and Level Annotations

Branches:
Dungeon (3/15)

Altars:
Cheibriados


Innate Abilities, Weirdness & Mutations

You are too large for most types of armour.
You have claws for hands.
Your natural rate of healing is unusually fast.
You are covered in fur. (AC +1)
You have tough skin. (AC +1)


Message History

The ogre hits you with a +0 giant spiked club!
You scratch the ogre.
The ogre is lightly wounded.
You block the ogre's attack.
You claw the ogre!
The ogre is heavily wounded.
The gnoll shaman calls upon its god to speed up the gnoll.
The gnoll seems to speed up.
You hear a shout!
You claw the ogre!
You kill the ogre!
You hear a shout!
The gnoll hits you from afar with a +1 halberd of protection!
You block the gnoll shaman's attack. You block the gnoll's attack.
You are too injured to fight recklessly!
You are too injured to fight recklessly!
You are too injured to fight recklessly!
You are too injured to fight recklessly!
The gnoll shaman calls upon its god to speed up the gnoll.
The gnoll seems to speed up.
The gnoll hits you with a +2 whip of venom!
You are poisoned.
There is a large open door, spattered with blood here.
Items here: )) ††.
You feel very sick.
The gnoll hits you with a +2 whip of venom.
You are more poisoned.
You feel extremely sick.
You feel very sick.
You see here a +0 spear.
You feel very sick.
Items here: )) [ ††.
You feel very sick. You block the gnoll's attack.
The gnoll hits you from afar with a +1 halberd of protection!
* * * LOW HITPOINT WARNING * * *
* * * LOW HITPOINT WARNING * * *
You feel very sick.
The gnoll hits you with a +2 whip of venom.
You die...

....#8..8#.........# #
#8..'....'.........# #
8..'....g..o)g....' #
...#...o#.........# #
#...)#######''## # #..)g#
... # .. #.)g)# . # '#
#.)g.# #
.#############)'@)#######
.#............)..........
##≈≈≈≈≈≈≈≈≈≈≈≈....≈≈≈≈≈≈≈
#
≈≈≈≈≈≈≈≈≈≈≈≈≈≈....≈≈≈≈≈≈≈
≈≈
≈≈≈≈≈≈)≈≈≈≈≈≈≈....≈≈≈≈≈≈≈
≈≈
.........................
..
##...########..†########.
## #.##......###..##
####### .##.........#.##
#.....#


You could see a gnoll shaman, 3 gnolls and an orc.

Vanquished Creatures
  An ogre (D:3)
  A howler monkey (D:3)
  An orc priest (D:3)
  A gnoll shaman (D:3)
  A hound (D:3)
  3 orc wizards (D:3)
  7 gnolls (D:3)
  2 adders (D:2)
  A worm (D:2)
  4 dart slugs
  14 orcs (D:3)
  7 endoplasms
  4 goblins
  6 hobgoblins
  12 jackals (D:3)
  2 kobolds
  6 quokkas
  3 ball pythons
  5 bats
  5 frilled lizards
  3 rats
89 creatures vanquished.

Vanquished Creatures (others)
  A fungus (D:3)
1 creature vanquished.

Grand Total: 90 creatures vanquished

Notes
Turn   | Place    | Note
-------+----------+-------------------------------------------
     0 | D:1      | brightshaft the Troll Fighter began the quest for the Orb.
     0 | D:1      | Reached XP level 1. HP: 22/22 MP: 0/0
   126 | D:1      | Found a faded altar of an unknown god.
   134 | D:1      | Reached XP level 2. HP: 27/29 MP: 1/1
   191 | D:1      | Reached skill level 3 in Unarmed Combat
   345 | D:1      | Reached XP level 3. HP: 36/36 MP: 2/2
   803 | D:2      | Reached skill level 4 in Unarmed Combat
   975 | D:2      | Reached XP level 4. HP: 44/44 MP: 3/3
  1283 | D:3      | Reached skill level 5 in Unarmed Combat
  1297 | D:3      | Reached XP level 5. HP: 50/50 MP: 4/4
  1467 | D:3      | Reached skill level 6 in Unarmed Combat
  1730 | D:3      | Found a snail-covered altar of Cheibriados.
  1825 | D:3      | Reached XP level 6. HP: 59/59 MP: 5/5
  1885 | D:3      | Reached skill level 7 in Unarmed Combat
  1921 | D:3      | HP: 1/59 [poisoned by a gnoll]
  1921 | D:3      | Slain by a gnoll

Illustrated notes

Levels and vault maps discovered:
D:1:      wander_arrival_estate, layout_loops_ring,
          hellmonk_ecumenical_altar_arch_garden, minmay_misc_feat_plants,
          minmay_misc_feat_five, serial_bayou_pond_c
D:2:      layout_rooms, skrybe_limestone_x, kennysheep_path_1
D:3:      lemuel_castle_with_subvaults [lemuel_castle_interior_carwin_2],
          layout_loops_corners, mainiacjoe_overflow_alcove_2

Skill      XL: |  1  2  3  4  5  6 |
---------------+-------------------+-----
Unarmed Combat | 3 4 5 6 7 |  7.5
Fighting       | |  2.4
Dodging        | |  2.4
Shields        | |  2.4

Action                   |  1- 3 |  4- 6 || total
-------------------------+-------+-------++-------
Melee: Unarmed           |   115 |   114 ||   229
  Use: Scroll            |       |     2 ||     2
 Stab: Sleeping          |     2 |       ||     2
Armor: Robe              |    33 |    39 ||    72
Dodge: Dodged            |    32 |    37 ||    69
Block: Kite shield       |    38 |    35 ||    73
